 Dungeon Crawl Stone Soup version 0.24-a0-417-g1cce26a4d2 (webtiles) character file.

Game seed: 1019939080382939042

1526 Amnesiac the Insei (level 8, 0/54 HPs)
             Began as an Octopode Transmuter on June 10, 2019.
             Slain by Harold
             ... wielding a +0 dire flail
              (22 damage)
             ... on level 7 of the Dungeon.
             The game lasted 00:09:16 (5703 turns).

Amnesiac the Insei (Octopode Transmuter)            Turns: 5703, Time: 00:09:17

Health: 0/54       AC:  2    Str: 10    XL:     8   Next: 85%
Magic:  3/13       EV: 24    Int: 15    God:
Gold:   382        SH:  0    Dex: 21    Spells: 3/14 levels left

rFire    . . .     SeeInvis .     - Unarmed
rCold    . . .     Gourm    .   (shield currently unavailable)
rNeg     . . .     Faith    .   (helmet currently unavailable)
rPois    x         Spirit   .   y - amulet of harm
rElec    .         Reflect  .   j - +2 ring of dexterity
rCorr    .         Harm     +   s - ring of stealth
MR       .....                  x - ring of stealth
Stlth    ++++++....             (no ring)
HPRegen  0.18/turn              (no ring)
MPRegen  0.13/turn              (no ring)
                                (no ring)
                                (no ring)

@: spider-form, marked
A: tiny, almost no armour, stealthy swim, (amphibious), 8 rings, (constrict 8)
a: End Transformation


You were on level 7 of the Dungeon.
You were not hungry.
You were a venomous arachnid creature.
You visited 1 branch of the dungeon, and saw 7 of its levels.

You collected 382 gold pieces.

Inventory:

Missiles
 a - 228 arrows
 p - 4 datura-tipped darts (quivered)
 H - a throwing net
Jewellery
 j - a +2 ring of dexterity (left front leg)
 s - a ring of stealth (right front leg)
 x - a ring of stealth (on tentacle)
 y - an amulet of harm (around neck)
Wands
 t - a wand of paralysis (16)
 D - a wand of disintegration (11)
Scrolls
 e - a scroll of fear {!r, unknown}
 h - 8 scrolls of identify {!r, unknown}
 i - 3 scrolls of magic mapping {!r, unknown}
 k - a scroll of blinking {!r, unknown}
 l - 2 scrolls of remove curse {!r, unknown}
 m - 3 scrolls of teleportation {!r, unknown}
 w - a scroll of immolation {!r, unknown}
 A - a scroll of enchant weapon {!r, unknown}
 B - 2 scrolls of enchant armour {!r, unknown}
 E - a scroll of vulnerability {!r, unknown}
 F - a scroll of silence {!r, unknown}
Potions
 b - a potion of agility {!q, unknown}
 d - 3 potions of curing {!q, unknown}
 f - 4 potions of flight {!q, unknown}
 g - a potion of invisibility {!q, unknown}
 n - a potion of resistance {!q, unknown}
 q - a potion of heal wounds {!q, unknown}
 r - a potion of brilliance {!q, unknown}
 u - a potion of degeneration {!q, unknown}
 v - a potion of berserk rage {!q, unknown}
 z - a potion of mutation {!q, unknown}
 G - a potion of haste {!q, unknown}
Comestibles
 c - 11 rations
 C - 2 chunks of flesh


   Skills:
 + Level 4.7 Fighting
 + Level 4.7 Dodging
 + Level 5.9 Stealth
 * Level 6.9 Unarmed Combat
 + Level 3.5 Spellcasting
 - Level 3.0 Transmutations


You had 3 spell levels left.
You knew the following spells:

 Your Spells              Type           Power        Failure   Level  Hunger
a - Beastly Appendage     Tmut           ##....       16%         1    None
b - Sticks to Snakes      Tmut           ##......     22%         2    ##.....
e - Spider Form           Tmut/Pois      #.........   52%         3    ###....
s - Conjure Flame         Conj/Fire      #.......     71%         3    ###....
v - Blink                 Tloc           N/A          50%         2    ##.....

Your spell library contained the following spells:

 Spells                   Type           Power        Failure   Level  Hunger
 Magic Dart               Conj           #...         38%         1    None
 Call Imp                 Summ           #.......     50%         2    ##.....
 Slow                     Hex            #.......     50%         2    ##.....
 Mephitic Cloud           Conj/Pois/Air  #.......     71%         3    ###....
 Ice Form                 Ice/Tmut       #.......     87%         4    ####...
 Blade Hands              Tmut           ##........   94%         5    ######.
 Bolt of Magma            Conj/Fire/Erth #.........   100%        5    ######.
 Iskenderun's Battlesphe  Conj/Chrm      #.......     100%        5    ######.
 Venom Bolt               Conj/Pois      #.........   100%        5    ######.
 Iron Shot                Conj/Erth      #.........   100%        6    #######
 Orb of Destruction       Conj           #.........   100%        7    #######
 Spellforged Servitor     Conj/Summ      #.........   100%        7    #######


Dungeon Overview and Level Annotations

Branches:
Dungeon (7/15)
 Temple: D:4-7

Altars:
Ashenzari
Fedhas
Hepliaklqana
Nemelex Xobeh
Ru
Uskayaw
Vehumet
Yredelemnul

Shops:
D:5 =

Annotations:
D:7 Harold


Innate Abilities, Weirdness & Mutations

You cannot wear most types of armour.
You are very stealthy in the water. (Stealth+)
((You are amphibious.))
You can wear up to eight rings at the same time.
((You can use your tentacles to constrict eight enemies at once.))
((Your skin changes colour to match your surroundings (Stealth+).))
((Your rubbery body absorbs attacks. (AC +1, EV +1)))


Message History

Unknown command.
Throwing (i - inventory. (/) - cycle)
p - 6 datura-tipped darts (quivered)
Press: ? - help, Shift-Dir - straight line, f/p - Harold
Aim: Harold, wielding a +0 dire flail and wearing a +0 scale mail (lightly wounded, poisoned, chance to frenzy on hit: 15%)
You throw a datura-tipped dart. The datura-tipped dart hits Harold.
Harold resists.
Harold is lightly wounded.
A black bear comes into view.
Throwing (i - inventory. (/) - cycle)
p - 5 datura-tipped darts (quivered)
Press: ? - help, Shift-Dir - straight line, f/p - Harold
Aim: Harold, wielding a +0 dire flail and wearing a +0 scale mail (lightly wounded, poisoned, chance to frenzy on hit: 15%)
You throw a datura-tipped dart. The datura-tipped dart hits Harold.
Harold flies into a frenzy!
Harold is lightly wounded.
Casting: Blink (safe; 28% risk of failure)
Confirm with . or Enter, or press ? or * to list all spells.
You blink.
Harold shouts!
The black bear bites you but does no damage.
The black bear claws you. The black bear closely misses you.
The black bear misses you.
The black bear completely misses you. x2
Harold hits the black bear with a +0 dire flail!!
The black bear goes berserk!
You see here 5 poisoned darts.
Harold hits the black bear with a +0 dire flail.
The black bear dies!
Harold shouts!
Casting: Blink (safe; 28% risk of failure)
Confirm with . or Enter, or press ? or * to list all spells.
You blink.
Casting: Blink (safe; 28% risk of failure)
Confirm with . or Enter, or press ? or * to list all spells.
You blink.
Harold shouts!
Harold hits you with a +0 dire flail.
Casting: Blink (safe; 28% risk of failure)
Confirm with . or Enter, or press ? or * to list all spells.
You blink.
Harold looks more healthy.
Harold hits you with a +0 dire flail!
Casting: Blink (safe; 28% risk of failure)
Confirm with . or Enter, or press ? or * to list all spells.
You blink.
Harold is no longer moving quickly.
Harold no longer looks unusually strong.
Harold is no longer in an insane frenzy.
Casting: Blink (safe; 28% risk of failure)
Confirm with . or Enter, or press ? or * to list all spells.
You turn into a venomous arachnid creature.
Harold casts a spell at you. The harpoon shot hits you!
* * * LOW HITPOINT WARNING * * *
You are yanked forward by the harpoon shot.
You bite Harold!
Harold is poisoned.
Harold is moderately wounded.
You hit Harold.
Harold looks as sick as possible!
Harold is heavily wounded.
Harold completely misses you.
You barely miss Harold.
Harold is heavily wounded.
You barely miss Harold.
Harold is heavily wounded.
Harold hits you with a +0 dire flail!!
You die...

#..........#.####...###.#.#
###.######.#.........#..#.#
##'## ##..).####......##.#
##^..###.....#.....##..##.#
#^^..^##.....#.#### #.....#
##^..###.....#.# #.##..#
#.._^.##.....#.# #.##...#
########.#.#.#.# #.###..#
#.....#s# #.# #..#
#.....#@## #.# #..#
#........#####.# #..#
#.#.#........@.# #..####
#.#.#....####### #......
##...##>#...#######.####
##.###.............###. #.#
#.......###....... #.#
#...........#####.


You could see Harold.

Vanquished Creatures
  An ice beast (D:5)
  2 sky beasts
  2 ogres
  2 centaurs
  Blork the orc (D:4)
  2 bullfrogs (D:6)
  2 crimson imps
  A bullfrog zombie (D:6)
  A quasit (D:6)
  2 hounds
  Crazy Yiuf (D:2)
  An orc wizard (D:5)
  A centaur skeleton (D:5)
  2 orc priests
  An iguana (D:6)
  Terence (D:3)
  A worker ant (D:5)
  A hound zombie (D:5)
  3 gnolls (D:4)
  10 adders
  3 shadow imps
  An adder skeleton (D:4)
  A worm (D:3)
  3 dart slugs (D:1)
  6 leopard geckos
  11 orcs
  A ball python (D:1)
  5 giant cockroaches
  3 goblins
  8 hobgoblins
  13 jackals
  9 kobolds
  5 quokkas
  A ball python zombie (D:5)
  A bat (D:1)
  8 frilled lizards
  6 rats
  A spectral orc (D:7)
124 creatures vanquished.

Vanquished Creatures (collateral kills)
  A black bear (D:7)
  A worm (D:2)
2 creatures vanquished.

Grand Total: 126 creatures vanquished

Notes
Turn   | Place    | Note
-------+----------+-------------------------------------------
     0 | D:1      | Amnesiac the Octopode Transmuter began the quest for the
                  | Orb.
     0 | D:1      | Reached XP level 1. HP: 13/13 MP: 3/3
    39 | D:1      | Reached XP level 2. HP: 10/18 MP: 5/5
   286 | D:1      | Learned a level 2 spell: Sticks to Snakes
   383 | D:1      | Reached XP level 3. HP: 24/24 MP: 6/6
   712 | D:2      | Learned a level 3 spell: Spider Form
  1275 | D:2      | Reached skill level 1 in Stealth
  1275 | D:2      | Reached XP level 4. HP: 25/29 MP: 7/7
  1787 | D:2      | Found a runed translucent door.
  1788 | D:2      | Noticed Crazy Yiuf
  2233 | D:2      | Killed Crazy Yiuf
  2233 | D:2      | Reached XP level 5. HP: 35/35 MP: 2/8
  2520 | D:3      | Noticed Terence
  2529 | D:3      | Killed Terence
  2634 | D:3      | Reached skill level 4 in Unarmed Combat
  3021 | D:4      | Noticed a sky beast
  3032 | D:4      | Killed a sky beast
  3032 | D:4      | Reached XP level 6. HP: 18/41 MP: 7/10
  3321 | D:4      | Noticed Blork the orc
  3334 | D:4      | Killed Blork the orc
  3365 | D:4      | Reached XP level 7. HP: 46/46 MP: 8/11
  3526 | D:4      | Found a blossoming altar of Fedhas.
  3564 | D:4      | Found a radiant altar of Vehumet.
  3697 | D:5      | Identified a paperback manual
  3697 | D:5      | Entered Level 5 of the Dungeon
  3717 | D:5      | Reached skill level 5 in Unarmed Combat
  3948 | D:5      | Found a hide-covered altar of Uskayaw.
  3949 | D:5      | Found a shattered altar of Ashenzari.
  4186 | D:5      | Found a sparkling altar of Nemelex Xobeh.
  4391 | D:5      | Reached XP level 8. HP: 39/54 MP: 9/12
  4434 | D:5      | Found Gahops's Jewellery Shop.
  4444 | D:5      | Reached skill level 6 in Unarmed Combat
  4535 | D:5      | Reached skill level 5 in Stealth
  4726 | D:6      | Found a hazy altar of Hepliaklqana.
  4922 | D:6      | Learned a level 2 spell: Blink
  5225 | D:6      | Found a sacrificial altar of Ru.
  5438 | D:7      | Found a basalt altar of Yredelemnul.
  5541 | D:7      | Noticed Harold
  5648 | D:7      | Learned a level 3 spell: Conjure Flame
  5703 | D:7      | Slain by Harold

Levels and vault maps discovered:
D:1:      minmay_arrival_jagged, layout_rooms, minmay_misc_feat_chi,
          minmay_lizard_king
D:2:      minmay_chambers_of_ones, layout_loops_ring,
          minmay_goblin_kobold_house, uniq_crazy_yiuf_cottage
D:3:      layout_rooms, uniq_terence
D:4:      layout_basic, nicolae_overflow_hidden_temple, first_ration,
          uniq_blork_the_orc
D:5:      layout_gridville, kennysheep_mini_moat, cheibrodos_ashenzari_chains,
          nicolae_overflow_crystal_walls, serial_shops, nicolae_shop_crystal
D:6:      layout_loops_cross, kennysheep_mini, kennysheep_little_box
D:7:      layout_loops_ring, yredelemnul_forgotten_temple_becter,
          minmay_temple_entry_trees, serial_shops, shop, uniq_harold

Skill      XL: |  1  2  3  4  5  6  7  8 |
---------------+-------------------------+-----
Fighting       | 2 3 4 |  4.7
Stealth        | 1 2 3 4 5 |  5.9
Unarmed Combat | 4 5 6 |  6.9
Dodging        | 3 4 |  4.7
Transmutations | 3 |  3.0
Spellcasting   | 3 |  3.5

Action                   |  1- 3 |  4- 6 |  7- 9 || total
-------------------------+-------+-------+-------++-------
Melee: Unarmed           |    79 |   132 |   140 ||   351
       Constrict         |    28 |    29 |    24 ||    81
       Tentacles         |    11 |    20 |    18 ||    49
       Punch             |     4 |     2 |     8 ||    14
Throw: Dart              |       |       |    11 ||    11
 Cast: Sticks to Snakes  |       |     2 |       ||     2
       Spider Form       |       |     3 |     6 ||     9
       Blink             |       |       |     9 ||     9
 Stab: Sleeping          |     5 |    11 |    16 ||    32
       Distracted        |       |       |     1 ||     1
  Eat: Chunk             |     1 |     7 |     9 ||    17
Armor: Skin              |     6 |     4 |     4 ||    14
Dodge: Dodged            |    55 |    90 |   103 ||   248

Table legend:
 A = Non-vault XP
 B = Vault XP
 C = Vault XP percentage of total XP
 D = Non-vault monster count
 E = Vault monster count
 F = Vault count percentage of total count
                 A         B        C        D         E       F
            +---------+---------+-------+---------+---------+-------
      Total |    1945 |     235 |  10.8 |     108 |      18 |  14.3
            +---------+---------+-------+---------+---------+-------
        D:1 |      40 |       7 |  14.9 |      18 |       5 |  21.7
        D:2 |      35 |      91 |  72.2 |      12 |      10 |  45.5
        D:3 |      91 |      36 |  28.3 |      19 |       1 |   5.0
        D:4 |     320 |     100 |  23.8 |      13 |       1 |   7.1
        D:5 |     706 |       0 |   0.0 |      24 |       0 |   0.0
        D:6 |     679 |       0 |   0.0 |      20 |       0 |   0.0
        D:7 |      74 |       1 |   1.3 |       2 |       1 |  33.3
            +---------+---------+-------+---------+---------+-------
